 Dungeon Crawl Stone Soup version 0.29.0-7-g18a832c13a (webtiles) character file.

Game seed: 5411422870320475939

250 Shayle the Sneak (level 5, -1/57 HPs)
             Began as a Vampire Enchanter on Aug 31, 2022.
             Was an Initiate of Ashenzari.
             Succumbed to a killer bee's poison
             ... on level 4 of the Dungeon.
             The game lasted 00:08:22 (2771 turns).

Shayle the Sneak (Vampire Enchanter)                Turns: 2771, Time: 00:08:22

Health: -1/57      AC:  4    Str:  7    XL:     5   Next: 88%
Magic:  9/9        EV: 18    Int: 19    God:    Ashenzari [......]
Gold:   210        SH:  0    Dex: 21    Spells: 8/10 levels left

rFire   . . .      SeeInvis +   j - +3 quarterstaff (chaos)
rCold   . . .      Faith    .   (shield currently unavailable)
rNeg    . . .      Spirit   .   b - +0 robe
rPois   .          Reflect  .   (no helmet)
rElec   .          Harm     .   p - +1 cloak {rCorr}
rCorr   +          Rampage  .   (no gloves)
Will    .....                   (no boots)
Stlth   ..........              (no amulet)
HPRegen 0.39/turn               d - +4 ring of evasion
MPRegen 0.11/turn               l - +6 ring of dexterity

@: brilliant, berserking, lethally poisoned (-1 -> -10), flying, healing
quickly, invisible (expiring), very quick
A: alive, fangs 3, see invisible, vampiric 2
a: Exsanguinate, Renounce Religion


You were on level 4 of the Dungeon.
You worshipped Ashenzari.
Ashenzari was noncommittal.
You visited 2 branches of the dungeon, and saw 5 of its levels.

You collected 210 gold pieces.

Inventory:

Hand Weapons
 a - a +1 dagger
 j - a +3 quarterstaff of chaos (weapon)
Armour
 b - a +0 robe (worn)
 p - a +1 cloak of preservation (worn)
Jewellery
 d - a +4 ring of evasion (left hand)
 h - a ring of fire
 l - a +6 ring of dexterity (right hand)
 q - a ring of poison resistance
 t - a ring of wizardry
Scrolls
 f - a scroll of enchant weapon {unknown}
 m - a scroll of noise {unknown}
 o - a scroll of teleportation {unknown}
 s - a scroll of blinking {unknown}
 u - a scroll of enchant armour {unknown}
Potions
 c - a potion of invisibility
 g - a potion of attraction
 i - 2 potions of haste
 k - a potion of berserk rage
 n - 2 potions of might


   Skills:
 + Level 2.0 Fighting
 - Level 1.1 Short Blades
 * Level 3.8 Dodging
 + Level 6.0 Stealth
 + Level 3.0 Spellcasting
 + Level 5.7 Hexes


You had 8 spell levels left.
You knew the following spells:

 Your Spells              Type           Power      Damage    Failure   Level
a - Ensorcelled Hibernat  Hex/Ice        40%        N/A       7%          2

Your spell library contained the following spells:

 Spells                   Type           Power      Damage    Failure   Level
 Confusing Touch          Hex            37%        N/A       4%          3
 Tukima's Dance           Hex            37%        N/A       4%          3
 Dazzling Flash           Conj/Hex       40%        N/A       14%         3
 Portal Projectile        Hex/Tloc       40%        N/A       14%         3
 Summon Guardian Golem    Hex/Summ       20%        N/A       14%         3
 Summon Small Mammal      Summ           16%        N/A       16%         1
 Call Canine Familiar     Summ           4%         N/A       41%         3
 Leda's Liquefaction      Hex/Erth       10%        N/A       43%         4


Dungeon Overview and Level Annotations

Branches:
Dungeon (4/15)             Temple (1/1) D:4

Altars:
Ashenzari
Fedhas
Gozag
Kikubaaqudgha
Okawaru
Ru
Wu Jian
Xom


Innate Abilities, Weirdness & Mutations

Your natural rate of healing is accelerated.
You have razor-sharp teeth.
You have supernaturally acute eyesight. (SInv)
You are afflicted with vampirism and can become a bat while bloodless.


Message History

You fade into invisibility!
You feel sick. The killer bee barely misses you.
The killer bee completely misses you.
You sock the killer bee!
You kill the killer bee!
You feel sick. The killer bee misses you. x2
Your Fighting skill increases to level 2!
Your Stealth skill increases to level 6!
Your Spellcasting skill increases to level 3!
You hit the killer bee but do no damage.
You feel sick. The killer bee misses you. x2
You miss the killer bee.
You feel sick. The killer bee stings you.
The killer bee completely misses you. x2
You barely miss the killer bee.
You feel sick.
You are no longer poisoned.
The killer bee stings you!
* * * LOW HITPOINT WARNING * * *
The killer bee closely misses you. x2
Unknown command.
You barely miss the killer bee. The killer bee completely misses you.
The killer bee closely misses you.
You closely miss the killer bee. Your bite misses the killer bee.
The killer bee misses you.
The killer bee stings you but does no damage.
The killer bee misses you.
Unknown command.
You miss the killer bee. The killer bee misses you.
The killer bee barely misses you.
You closely miss the killer bee.
You flicker for a moment.
The killer bee closely misses you. The killer bee stings you.
* * * LOW HITPOINT WARNING * * *
The killer bee stings you.
* * * LOW HITPOINT WARNING * * *
You are lethally poisoned!
The killer bee poisons you!
Okay, then.
A red film seems to cover your vision as you go berserk!
You feel yourself moving faster!
You feel mighty!
You die...

.....# .....# .....#
.....# ######
.....###....####
......##....##.#####
................@yy#
............######gw....
.....###.....## .#...
.....# #......## # #
#.#.## ##......###
..#..####....>.....
####..........#..## #
##............#
#..##......##...


You could see a worm (unable to see you), 2 killer bees and a goblin (unable to
see you).

Vanquished Creatures
  A killer bee (D:4)
  Crazy Yiuf (D:2)
  A jelly (D:4)
  Terence (D:3)
  Natasha (D:2)
  2 adders
  A worm (D:2)
  A dart slug (D:2)
  An orc (D:3)
  4 bats
  10 endoplasms
  3 giant cockroaches
  7 goblins
  10 hobgoblins
  4 jackals (D:1)
  6 kobolds
  3 quokkas
  7 ball pythons
  3 frilled lizards
  4 rats
71 creatures vanquished.

Vanquished Creatures (others)
  2 fungi (D:2)
2 creatures vanquished.

Grand Total: 73 creatures vanquished

Notes
Turn   | Place    | Note
-------+----------+-------------------------------------------
     0 | D:1      | Shayle the Vampire Enchanter began the quest for the Orb.
     0 | D:1      | Reached XP level 1. HP: 13/13 MP: 3/3
   139 | D:1      | Reached XP level 2. HP: 18/20 MP: 5/5
   157 | D:1      | Learned a level 2 spell: Ensorcelled Hibernation
   639 | D:1      | Gained mutation: You are afflicted with vampirism and can
                  | become a bat while bloodless. [Vampire growth]
   639 | D:1      | Reached XP level 3. HP: 21/25 MP: 6/6
   877 | D:1      | Found a faded altar of an unknown god.
  1076 | D:2      | Reached skill level 1 in Fighting
  1113 | D:2      | Reached skill level 5 in Stealth
  1113 | D:2      | Reached skill level 5 in Hexes
  1435 | D:2      | Reached XP level 4. HP: 32/32 MP: 7/7
  1593 | D:2      | Noticed Natasha
  1627 | D:2      | Killed Natasha
  1792 | D:2      | Found a runed translucent door.
  1793 | D:2      | Noticed Crazy Yiuf
  1802 | D:2      | Killed Crazy Yiuf
  2069 | D:3      | Noticed Terence
  2079 | D:3      | Killed Terence
  2080 | D:3      | Reached XP level 5. HP: 31/37 MP: 9/9
  2371 | D:3      | Identified the +0 ring mail of Ehavynea {Contam rCorr Dex+5
                  | Stlth+}
  2621 | D:4      | Found a staircase to the Ecumenical Temple.
  2627 | Temple   | Entered the Ecumenical Temple
  2643 | Temple   | Became a worshipper of Ashenzari the Shackled
  2764 | D:4      | Reached skill level 6 in Stealth
  2770 | D:4      | HP: 1/38 [killer bee (2)]
  2771 | D:4      | Succumbed to a killer bee's poison

Illustrated notes

Levels and vault maps discovered:
D:1:      giann_horns, layout_basic, chequers_ecumenical_altar_grove,
          minmay_tetromino_i2
D:2:      layout_loops_ring, uniq_natasha, uniq_crazy_yiuf_cottage
D:3:      layout_loops_cross, corexii_corridor_pit, uniq_terence
D:4:      layout_rooms, minmay_temple_entry_hall, grunt_ministairs_10,
          lemuel_flame_loot_1
Temple:   nicolae_temple_the_god_donut

Skill      XL: |  1  2  3  4  5 |
---------------+----------------+-----
Fighting       | 1 2 |  2.0
Stealth        | 5 6 |  6.0
Hexes          | 5 |  5.7
Dodging        | 3 |  3.8
Spellcasting   | 3 |  3.0
Short Blades   | |  1.1

Action                   |  1- 3 |  4- 6 || total
-------------------------+-------+-------++-------
Melee: Dagger            |   145 |    26 ||   171
       Bite              |    13 |     7 ||    20
       Quarterstaff      |       |    45 ||    45
 Cast: Ensorcelled Hiber |     1 |     4 ||     5
  Use: Scroll            |       |     4 ||     4
       Potion            |       |     4 ||     4
 Stab: Sleeping          |    16 |     6 ||    22
       Distracted        |     2 |       ||     2
Armor: Robe              |    12 |     6 ||    18
Dodge: Dodged            |    99 |    72 ||   171
